 Dungeon Sprint DCSS version 0.17-a0-1951-g62301d3 (webtiles) character file.

217 kosy22 the Grappler (level 5, -7/51 HPs)
             Began as a Troll Monk on Oct 2, 2015.
             Was the Champion of Jiyva.
             Mangled by a troll (14 damage)
             ... in the Dungeon (Sprint IX: "|||||||||||||||||||||||||||||").
             The game lasted 00:02:13 (205 turns).

kosy22 the Grappler (Troll Monk)                     Turns: 205, Time: 00:02:13

Health: -7/51      AC:  6    Str: 20    XL:     5   Next: 62%
Magic:  4/4        EV: 15    Int:  6    God:    Jiyva [******]
Gold:   0          SH:  0    Dex: 15    Spells: 0 memorised, 4 levels left

rFire  . . .     SeeInvis .       - Unarmed
rCold  . . .     Clarity  .     a - +0 robe
rNeg   . . .     SustAt   .     (no shield)
rPois  +         Gourm    +     (helmet restricted)
rElec  +         Spirit   .     (no cloak)
rCorr  +         Warding  .     (gloves unavailable)
rMut   .         NoTele   +     (boots unavailable)
MR     .....                    (no amulet)
Stlth  ++........               o - +3 ring of dexterity
                                p - +2 ring of evasion

@: not resistant to hostile enchantments, unstealthy
A: unfitting armour, claws 3, talons 1, icy blue scales 1, fast metabolism 3,
frail 1, gourmand, poison resistance, regeneration 2, shaggy fur 1, electricity
resistance, tough skin 2, jelly absorbing missiles
a: Request Jelly, Jelly Paralyse, Slimify, Cure Bad Mutation, Renounce Religion


You were in the Dungeon.
You worshipped Jiyva.
Jiyva was exalted by your worship.
You were full.

You visited 1 branch

Inventory:

Hand weapons
 m - a +2 vampiric scimitar
Armour
 a - a +0 robe (worn)
 n - a +0 cloak
Jewellery
 o - a +3 ring of dexterity (right claw)
 p - a +2 ring of evasion (left claw)
Magical devices
 l - a wand of fire (7)
Scrolls
 h - 2 scrolls of blinking
 j - 3 scrolls of remove curse
 k - 2 scrolls of amnesia
Potions
 c - 5 potions of curing
 d - 3 potions of heal wounds
 e - a potion of haste
 f - 4 potions of magic
 g - a potion of berserk rage
 i - a potion of invisibility
Comestibles
 b - a bread ration


   Skills:
 + Level 5.0 Fighting
 + Level 5.7 Dodging
 + Level 1.4 Stealth
 + Level 9.2 Unarmed Combat


You had 4 spell levels left.
You didn't know any spells.

Dungeon Overview and Level Annotations

Branches:
Dungeon (1/1)

Altars:
Cheibriados
Dithmenos
Elyvilon
Fedhas
Gozag
Kikubaaqudgha
Makhleb
Nemelex Xobeh
Okawaru
Qazlal
Ru
Sif Muna
Trog
Vehumet
Xom
Yredelemnul
Zin
The Shining One
Beogh
Jiyva
Lugonu


Innate Abilities, Weirdness & Mutations

You are too large for most types of armour.
You have claws for hands.
Your metabolism is lightning-fast.
You like to eat raw meat.
You heal very quickly.
You are covered in fur (AC +1).
You have very tough skin (AC +2).
You have sharp toenails.
You are partially covered in icy blue scales (AC +1).
You are frail (-10% HP).
Your system is resistant to poisons.
You are resistant to electric shocks.
You have a small jelly attached to you that may absorb incoming projectiles.


Message History

Your Unarmed Combat skill increases to level 9!
You claw the troll!
The troll is moderately wounded.
The troll closely misses you. The troll misses you.
The troll claws you but does no damage.
You scratch the troll. Your kick misses the troll.
The troll is moderately wounded.
You scratch the troll. Your kick misses the troll.
The troll is moderately wounded.
The troll bites you. The troll closely misses you. The troll claws you!
You scratch the troll.
The troll is moderately wounded.
The troll bites you but does no damage. The troll closely misses you.
The troll claws you but does no damage.
You claw the troll! Your kick misses the troll.
The troll is severely wounded.
The troll bites you!
* * * LOW HITPOINT WARNING * * *
The troll claws you!
You die...

▓'▓
▓.▓
▓.▓
▓.▓
▓.▓
▓.▓
▓J▓
▓.▓
▓@▓
▓T▓
▓'▓
▓)▓
▓.▓
▓.▓
▓.▓
▓.▓
▓.▓


You could see a troll and a neutral jelly (fellow slime).

Vanquished Creatures
  A black bear (D)
  A centaur (D)
  A scorpion (D)
  An iguana (D)
  A worker ant (D)
  An adder skeleton (D)
  2 giant geckos (D)
  A hobgoblin (D)
  A jackal (D)
  A bat (D)
  A giant newt (D)
  A goblin (D)
  A rat (D)
14 creatures vanquished.

Vanquished Creatures (others)
  A spatial maelstrom (D)
  A jelly (D)
2 creatures vanquished.

Grand Total: 16 creatures vanquished

Notes
Turn   | Place    | Note
--------------------------------------------------------------
     0 | D        | kosy22 the Troll Monk began the quest for the Orb.
     0 | D        | Reached XP level 1. HP: 22/22 MP: 0/0
     9 | D        | Banished a spatial maelstrom
    31 | D        | Noticed an iguana
    38 | D        | Killed an iguana
    38 | D        | Reached skill level 6 in Unarmed Combat
    38 | D        | Reached XP level 2. HP: 5/31 MP: 1/1
    38 | D        | Reached XP level 3. HP: 5/37 MP: 2/2
   105 | D        | Found a glowing silver altar of Zin.
   105 | D        | Found a glowing golden altar of the Shining One.
   105 | D        | Found an ancient bone altar of Kikubaaqudgha.
   105 | D        | Found a basalt altar of Yredelemnul.
   105 | D        | Found a shimmering altar of Xom.
   105 | D        | Found a radiant altar of Vehumet.
   106 | D        | Found an iron altar of Okawaru.
   107 | D        | Found a burning altar of Makhleb.
   108 | D        | Found a deep blue altar of Sif Muna.
   109 | D        | Found a bloodstained altar of Trog.
   110 | D        | Found a sparkling altar of Nemelex Xobeh.
   111 | D        | Found a white marble altar of Elyvilon.
   112 | D        | Found a roughly hewn altar of Beogh.
   113 | D        | Found a viscous altar of Jiyva.
   114 | D        | Found a corrupted altar of Lugonu.
   115 | D        | Found a blossoming altar of Fedhas.
   116 | D        | Found a snail-covered altar of Cheibriados.
   117 | D        | Found a shadowy altar of Dithmenos.
   118 | D        | Found a stormy altar of Qazlal.
   119 | D        | Found an opulent altar of Gozag.
   120 | D        | Found a sacrificial altar of Ru.
   121 | D        | Became a worshipper of Jiyva Juocuop the Shapeless
   121 | D        | Acquired Jiyva's first power
   121 | D        | Acquired Jiyva's second power
   150 | D        | Gained mutation: You have sharp toenails. [Jiyva's grace]
   180 | D        | Noticed a centaur
   180 | D        | Noticed a black bear
   180 | D        | Noticed a jelly
   180 | D        | Noticed a worker ant
   180 | D        | Noticed a scorpion
   180 | D        | Noticed a troll
   183 | D        | Killed a centaur
   183 | D        | Reached skill level 7 in Unarmed Combat
   183 | D        | Reached XP level 4. HP: 33/48 MP: 3/3
   183 | D        | Killed a jelly
   186 | D        | Acquired Jiyva's third power
   186 | D        | Gained mutation: Your system is resistant to poisons. [Jiyva's grace]
   192 | D        | Killed a black bear
   192 | D        | Reached skill level 5 in Dodging
   192 | D        | Reached skill level 8 in Unarmed Combat
   192 | D        | Reached XP level 5. HP: 23/55 MP: 4/4
   192 | D        | Gained mutation: You are resistant to electric shocks. [Jiyva's grace]
   192 | D        | Acquired Jiyva's fourth power
   192 | D        | Gained mutation: You are partially covered in icy blue scales (AC +1). [Jiyva's grace]
   192 | D        | Gained mutation: You have a small jelly attached to you that may absorb incoming projectiles. [Jiyva's grace]
   192 | D        | Gained mutation: You have razor-sharp toenails. [Jiyva's grace]
   193 | D        | Gained mutation: You are frail (-10% HP). [Jiyva's grace]
   193 | D        | Lost mutation: You have razor-sharp toenails. [Jiyva's grace]
   196 | D        | Killed a worker ant
   200 | D        | Killed a scorpion
   200 | D        | Reached skill level 5 in Fighting
   200 | D        | Reached skill level 9 in Unarmed Combat
   205 | D        | Mangled by a troll

Vault maps used:
D:        linesprint

Action                   |  1- 3 |  4- 6 || total
-------------------------+-------+-------++-------
Melee: Unarmed           |    35 |    19 ||    54
Invok: Request Jelly     |       |     1 ||     1
  Eat: Bread ration      |     1 |       ||     1
